 Dungeon Crawl Stone Soup version 0.22-a0-443-g17c3723 (webtiles) character file.

104 Gorglomux the Covered (level 4, -5/42 HPs)
             Began as a Deep Dwarf Fighter on June 1, 2018.
             Slain by an ogre
             ... wielding a +0 giant club
              (23 damage)
             ... on level 3 of the Dungeon.
             The game lasted 00:00:48 (730 turns).

Gorglomux the Covered (Deep Dwarf Fighter)           Turns: 730, Time: 00:00:49

Health: -5/42      AC:  9    Str: 20    XL:     4   Next: 52%
Magic:  2/2        EV:  7    Int:  9    God:
Gold:   93         SH:  9    Dex: 12    Spells: 3/3 levels left

rFire    . . .     SeeInvis .   a - +0 war axe
rCold    . . .     Gourm    +   c - +0 shield
rNeg     . . .     Faith    .   b - +0 scale mail
rPois    .         Spirit   .   (no helmet)
rElec    .         Reflect  .   (no cloak)
rCorr    .         Harm     .   (no gloves)
MR       .....                  (no boots)
Stlth    ..........             p - amulet of the gourmand
HPRegen  0.00/turn              m - +2 ring of protection
MPRegen  0.08/turn              (no ring)

@: non-regenerating
A: damage resistance, heal wounds, sense surroundings 1, no regeneration
a: Heal Wounds


You were on level 3 of the Dungeon.
You were not hungry.

You visited 1 branch of the dungeon, and saw 3 of its levels.

You collected 93 gold pieces.

Inventory:

Hand Weapons
 a - a +0 war axe (weapon)
Armour
 b - a +0 scale mail (worn)
 c - a +0 shield (worn)
Jewellery
 m - a +2 ring of protection (left hand)
 p - an amulet of the gourmand (around neck)
Scrolls
 h - a scroll of identify {unknown}
 i - 2 scrolls of remove curse {unknown}
 j - 3 scrolls of teleportation {unknown}
 k - a scroll of enchant weapon {unknown}
 l - a scroll of immolation {unknown}
Potions
 d - 2 potions of might
 o - 2 potions of lignification {unknown}
Comestibles
 f - 3 rations
 n - 16 chunks of flesh


   Skills:
 + Level 3.3 Fighting
 + Level 3.2 Axes
 + Level 4.1 Armour
 + Level 4.0 Shields


You had 3 spell levels left.
You didn't know any spells.
Your spell library was empty.

Dungeon Overview and Level Annotations

Branches:
Dungeon (3/15)

Altars:


Innate Abilities, Weirdness & Mutations

You are resistant to damage.
You can heal yourself by infusing magical energy.
You passively map a small area around you.
You do not regenerate.


Message History

The ogre is lightly wounded!
The ogre hits you with a giant club!!!
Unknown command!
Butt dice the ogre like an onion!
The ogre is lightly wounded!
The ogre hits you with a butt club!!! * * * don't die
* * * You are too injured to butt recklessly!!!
Unknown command!
You barely miss the butt!
The ogre is lightly wounded!
The ogre closely misses you!
Unknown command!
You are too injured to fight recklessly!!!
You feel much better!
The ogre hits butt with a giant club!!!!!!
You fail to use your ability!
The ogre hits you with a giant club!!!!!!
DANG rip

...##+#####...####. , ,
,.........#####...#,,
............##...# .
............##...#, ..,
,
............##...#,...
............##...#....
.......$..............
*
......................*
* *
......O@..............
,
......................
......................
......................
,......................
....^.................
############..........
, #####...... * , , *


You could see an ogre.

Vanquished Creatures
  Jessica (D:3)
  Terence (D:3)
  An adder (D:3)
  An ooze (D:1)
  A dart slug (D:1)
  5 orcs (D:3)
  A ball python (D:1)
  A giant cockroach (D:2)
  5 goblins
  A hobgoblin (D:1)
  2 quokkas
  3 bats
  5 frilled lizards
  6 kobolds
  2 rats (D:3)
36 creatures vanquished.

Notes
Turn   | Place    | Note
-------+----------+-------------------------------------------
     0 | D:1      | Gorglomux the Deep Dwarf Fighter began the quest for the Orb.
     0 | D:1      | Reached XP level 1. HP: 20/20 MP: 1/1
   123 | D:1      | Reached XP level 2. HP: 24/27 MP: 2/2
   480 | D:2      | Reached skill level 3 in Fighting
   580 | D:3      | Noticed Jessica
   580 | D:3      | Noticed Terence
   600 | D:3      | Killed Terence
   600 | D:3      | Reached XP level 3. HP: 9/34 MP: 1/1
   608 | D:3      | Reached skill level 3 in Axes
   620 | D:3      | Killed Jessica
   620 | D:3      | Reached XP level 4. HP: 39/42 MP: 2/2
   717 | D:3      | Noticed an ogre
   730 | D:3      | Slain by an ogre

Vault maps used:
D:1:      enne_arrival_octagon_isle
D:3:      gammafunk_wand_slinger, kennysheep_generic_room_15, uniq_jessica,
          uniq_terence

Skill      XL: |  1  2  3 |
---------------+----------+-----
Fighting       | 3 |  3.3
Axes           | 3 |  3.2
Armour         | 4 |  4.1
Shields        | 4 |  4.0

Action                   |  1- 3 |  4- 6 || total
-------------------------+-------+-------++-------
Melee: War axe           |    91 |    22 ||   113
 Abil: Heal Wounds       |     3 |     1 ||     4
Armor: Scale mail        |    41 |     6 ||    47
Dodge: Dodged            |    35 |     9 ||    44
Block: Shield            |    62 |    15 ||    77

Table legend:
 A = Spawn XP
 B = Non-spawn XP
 C = Spawn XP percentage of total XP
 D = Spawn monster count
 E = Non-spawn monster count
 F = Spawn count percentage of total count
 G = Total turns spent on level
                    A         B        C        D         E        F      G
               +---------+---------+-------+---------+---------+-------+---------
         Total |       0 |     149 |   0.0 |       0 |      36 |   0.0 |   730
               +---------+---------+-------+---------+---------+-------+---------
           D:1 |       0 |      28 |   0.0 |       0 |      12 |   0.0 |   439
           D:2 |       0 |       8 |   0.0 |       0 |       5 |   0.0 |   132
           D:3 |       0 |     113 |   0.0 |       0 |      19 |   0.0 |   159
               +---------+---------+-------+---------+---------+-------+---------
